 Dungeon Crawl Stone Soup version 0.30.0-5-g1a98f26d00 (webtiles) character file.

Game seed: 11388838621745456142

8377 NateTC the Cleaver (level 11, 0/99 HPs)
             Began as a Hill Orc Fighter on May 11, 2023.
             Was an Elder of Qazlal.
             Shot with an arrow by a centaur (4 damage)
             ... on level 9 of the Dungeon.
             The game lasted 00:15:22 (8036 turns).

NateTC the Cleaver (Hill Orc Fighter)               Turns: 8036, Time: 00:15:23

Health: 0/99       AC: 26    Str: 24    XL:     11   Next: 29%
Magic:  14/16      EV:  7    Int:  8    God:    Qazlal [****..]
Gold:   336        SH: 10    Dex: 10    Spells: 10/10 levels left

rFire   . . .        a - +0 war axe (chaos)
rCold   . . .        c - +0 buckler
rNeg    . . .        w - +5 plate armour "Jull" {SInv}
rPois   .            t - +0 helmet
rElec   .            y - +2 cloak {Will+}
rCorr   .            (no gloves)
SInv    +            g - +2 pair of boots
Will    +....        k - amulet of faith Stlth
                     (no ring)
HPRegen 0.36/turn    (no ring)
MPRegen 0.15/turn

%: repel missiles, faith
@: no status effects
A: no striking features
a: Renounce Religion, Upheaval, Elemental Force


You were on level 9 of the Dungeon.
You worshipped Qazlal.
Qazlal was greatly pleased with you.
You visited 1 branch of the dungeon, and saw 9 of its levels.

You collected 493 gold pieces.
You spent 157 gold pieces at shops.

Inventory:

Hand Weapons
 a - a +0 war axe of chaos (weapon)
Missiles
 d - a throwing net (quivered)
Armour
 c - a +0 buckler (worn)
 g - a +2 pair of boots (worn)
 t - a +0 helmet (worn)
 w - the +5 plate armour "Jull" (worn) {SInv}
   (You found it on level 8 of the Dungeon)

   SInv:      It lets you see invisible.
 y - a +2 cloak of willpower (worn)
Jewellery
 k - an amulet of faith (around neck)
 u - an amulet of guardian spirit
Wands
 i - a wand of mindburst (1)
 j - a wand of acid (3)
 o - a wand of iceblast (7)
Scrolls
 b - 2 scrolls of poison
 h - 5 scrolls of blinking
 l - 2 scrolls of fear
 m - 5 scrolls of fog
 n - 4 scrolls of amnesia
Potions
 e - a potion of attraction
 p - 2 potions of lignification
 r - 3 potions of curing
 v - a potion of berserk rage {unknown}


   Skills:
 + Level 9.7 Fighting
 * Level 14.5 Axes
 - Level 7.0 Armour
 - Level 3.6 Dodging
 * Level 7.0 Shields
 - Level 7.1 Invocations


You had 10 spell levels left.
You didn't know any spells.
Your spell library contained the following spells:

 Spells                   Type           Power      Damage    Failure   Level
 Shock                    Conj/Air       0%         1d3       100%        1
 Sting                    Tmut/Pois      0%         1d3       100%        1
 Poisonous Vapours        Pois/Air       0%         N/A       100%        2
 Ozocubu's Armour         Ice            0%         N/A       100%        3
 Swiftness                Air            0%         N/A       100%        3
 Airstrike                Air            0%         2d(0-16)  100%        4
 Anguish                  Hex/Necr       0%         N/A       100%        4
 Cause Fear               Hex            0%         N/A       100%        4
 Leda's Liquefaction      Hex/Erth       0%         N/A       100%        4
 Olgreb's Toxic Radiance  Pois           0%         N/A       100%        4
 Lee's Rapid Deconstruct  Erth           0%         3d4*      100%        5
 Statue Form              Tmut/Erth      0%         N/A       100%        6
 Enfeeble                 Hex            0%         N/A       100%        7
 Ozocubu's Refrigeration  Ice            0%         4d7       100%        7


Dungeon Overview and Level Annotations

Branches:
Dungeon (9/15) Zot: 26636  Temple (0/1) D:6            Lair (0/5) D:9
    Orc: D:9-12

Altars:
Fedhas
Kikubaaqudgha
Okawaru
Qazlal
Uskayaw
Xom

Shops:
D:1 :   D:7 [


Message History

* * * LOW HITPOINT WARNING * * *
You feel much better. The death yak gores you!
* * * LOW HITPOINT WARNING * * *
The death yak gores you but does no damage.
You feel much better. You block the death yak's attack.
Aiming: Upheaval
Press: ? - help, Dir - move target, f - death yak
Aim: a death yak A blizzard blasts the area with ice!
The blast of ice hits the death yak!
The death yak is lightly wounded.
The death yak is flash-frozen.
The blast of ice hits the death yak!!
The death yak is heavily wounded.
The death yak is flash-frozen.
You block the death yak's attack. The death yak gores you!
* * * LOW HITPOINT WARNING * * *
As you read the scroll of teleportation, it crumbles to dust.
You feel strangely unstable.
The death yak gores you but does no damage.
The death yak gores you!!
* * * LOW HITPOINT WARNING * * *
Your surroundings suddenly seem different.
A centaur comes into view.
Found a potion of attraction.
Found an escape hatch in the ceiling.
Found a staircase to the Lair.
The centaur wields a +0 shortbow.
The centaur shoots an arrow.
The arrow hits you but does no damage.
Okay, then.
Found a stone staircase leading down.
You hear a bellow!
The centaur shoots an arrow.
You block the arrow.
You hear a bellow!
The centaur shoots an arrow.
The arrow barely misses you.
The centaur shoots an arrow.
You block the arrow.
The centaur shoots an arrow.
The arrow hits you.
* * * LOW HITPOINT WARNING * * *
You hear a bellow!
You hear a bellow!
The centaur shoots an arrow.
The arrow closely misses you.
The centaur shoots an arrow.
The arrow hits you.
You die...

........##...... .
>.................
.
..#........###....
.
.........c.....>.
.
#..........###..#
#
...........###..##
........#....#...
........#.°.°#.#
....#........@.#
####....#######
#.... #####


You could see a centaur.

Vanquished Creatures
  Erica (D:8)
  A two-headed ogre (D:8)
  3 death yaks (D:9)
  Joseph (D:8)
  Prince Ribbit (D:7)
  4 yaks (D:9)
  A steam dragon (D:8)
  Edmund (D:4)
  2 water moccasins
  2 ice beasts (D:7)
  4 orc warriors
  3 ogres
  2 phantoms
  6 centaurs
  2 kobold brigands
  2 bullfrogs (D:9)
  5 scorpions
  4 wights (D:8)
  9 killer bees (D:8)
  7 howler monkeys
  2 hounds (D:6)
  3 gnoll boudas
  3 jellies
  3 orc priests
  2 sleepcaps
  Ijyb (D:4)
  4 iguanas
  7 orc wizards
  16 gnolls
  7 adders
  A shadow imp (D:7)
  3 white imps
  2 ufetubi
  2 worms
  5 dart slugs
  36 orcs
  7 endoplasms
  3 giant cockroaches
  5 goblins
  2 hobgoblins
  3 jackals (D:4)
  10 kobolds
  3 quokkas
  11 ball pythons
  7 bats
  3 frilled lizards
  An orc zombie (D:8)
  4 rats
217 creatures vanquished.

Notes
Turn   | Place    | Note
-------+----------+-------------------------------------------
     0 | D:1      | NateTC the Hill Orc Fighter began the quest for the Orb.
     0 | D:1      | Reached XP level 1. HP: 19/19 MP: 1/1
    70 | D:1      | Reached skill level 3 in Axes
   138 | D:1      | Reached XP level 2. HP: 23/27 MP: 2/2
   605 | D:1      | Reached skill level 4 in Axes
   627 | D:1      | Reached XP level 3. HP: 33/33 MP: 3/3
   797 | D:1      | Found Tulyit's Book Shoppe.
  1398 | D:2      | Found a blossoming altar of Fedhas.
  1676 | D:3      | Reached XP level 4. HP: 40/41 MP: 4/4
  1693 | D:3      | Reached skill level 5 in Axes
  2004 | D:3      | Reached XP level 5. HP: 15/47 MP: 5/5
  2581 | D:4      | Reached skill level 6 in Axes
  2594 | D:4      | Reached XP level 6. HP: 17/53 MP: 6/6
  2752 | D:4      | Found a shimmering altar of Xom.
  2752 | D:4      | Found a shimmering altar of Xom.
  2847 | D:4      | Found a hide-covered altar of Uskayaw.
  2847 | D:4      | Found a stormy altar of Qazlal.
  2848 | D:4      | Found an ancient bone altar of Kikubaaqudgha.
  2855 | D:4      | Became a worshipper of Qazlal Stormbringer
  3004 | D:4      | Noticed Ijyb
  3011 | D:4      | Killed Ijyb
  3017 | D:4      | Reached skill level 7 in Axes
  3017 | D:4      | Reached skill level 5 in Armour
  3438 | D:5      | Entered Level 5 of the Dungeon
  3515 | D:5      | Reached XP level 7. HP: 55/60 MP: 7/7
  3535 | D:5      | Noticed Edmund
  3609 | D:5      | Reached skill level 8 in Axes
  3705 | D:4      | Killed Edmund
  3854 | D:5      | Reached * piety under Qazlal
  3857 | D:5      | Reached XP level 8. HP: 51/67 MP: 8/8
  3860 | D:5      | Reached skill level 9 in Axes
  4232 | D:6      | Reached skill level 5 in Fighting
  4559 | D:6      | Found a staircase to the Ecumenical Temple.
  5028 | D:6      | Reached ** piety under Qazlal
  5149 | D:6      | Reached skill level 5 in Shields
  5403 | D:6      | Reached XP level 9. HP: 77/78 MP: 9/9
  5986 | D:7      | Found an iron altar of Okawaru.
  6051 | D:7      | Reached skill level 1 in Dodging
  6151 | D:7      | Reached skill level 10 in Axes
  6151 | D:7      | Reached skill level 1 in Invocations
  6164 | D:7      | Noticed Prince Ribbit
  6182 | D:7      | Killed Prince Ribbit
  6520 | D:7      | Found Fuod's Antique Armour Shop.
  6526 | D:7      | Reached *** piety under Qazlal
  6533 | D:7      | Bought a runed cloak for 157 gold pieces
  6680 | D:8      | Noticed a two-headed ogre
  6692 | D:8      | Killed a two-headed ogre
  6693 | D:8      | Reached skill level 11 in Axes
  6693 | D:8      | Reached XP level 10. HP: 36/86 MP: 12/12
  6990 | D:8      | Noticed Erica
  6995 | D:8      | Killed Erica
  6996 | D:8      | Reached skill level 12 in Axes
  6996 | D:8      | Reached skill level 5 in Invocations
  7130 | D:8      | Noticed Joseph
  7146 | D:8      | Killed Joseph
  7146 | D:8      | Reached **** piety under Qazlal
  7147 | D:8      | Reached skill level 13 in Axes
  7448 | D:8      | Identified the +5 plate armour "Jull" {SInv}
  7876 | D:9      | Reached XP level 11. HP: 63/97 MP: 16/16
  7879 | D:9      | Reached skill level 14 in Axes
  7988 | D:9      | Noticed a death yak
  7988 | D:9      | Noticed a death yak
  7989 | D:9      | Noticed a death yak
  7990 | D:9      | Noticed a death yak
  7991 | D:9      | Noticed a death yak
  7998 | D:9      | Noticed a death yak
  8003 | D:9      | Killed a death yak
  8008 | D:9      | Killed a death yak
  8016 | D:9      | Killed a death yak
  8029 | D:9      | Found a staircase to the Lair.
  8034 | D:9      | HP: 4/99 [centaur/arrow (4)]
  8036 | D:9      | Shot with an arrow by a centaur

Illustrated notes

Levels and vault maps discovered:
D:1:      spicycebolla_arrival_xxxplode, layout_loops_ring, serial_shops, shop,
          minmay_parallelograms, minmay_misc_feat_diagonals,
          corexii_hall_statues_i, moated_statue
D:2:      cheibrodos_old_hovel, layout_loops_ring, basic_altar
D:3:      layout_loops_ring, minmay_misc_feat_chi, minmay_misc_feat_four_crosses
D:4:      layout_loops_ring, gammafunk_temple_overflow_claw, xom_redecorated,
          uniq_ijyb
D:5:      layout_rooms, amcnicky_mini_pool_medium, uniq_edmund
D:6:      layout_gridville, minmay_temple_entry_glass, kennysheep_nub
D:7:      layout_basic, okawaru_altar_gauntlet_db, serial_shops,
          nicolae_shop_competitors_out_of_business, uniq_prince_ribbit1
D:8:      layout_rooms, minivault_24, kennysheep_big_empty_room, st_stairs_12,
          uniq_erica, uniq_joseph
D:9:      layout_basic, dpeg_lair_monsters

Skill      XL: |  1  2  3  4  5  6  7  8  9 10 11 |
---------------+----------------------------------+-----
Axes           | 3 4 5 6 7 8 9 11 13 14 | 14.5
Fighting       | 4 6 7 9 |  9.7
Armour         | 4 5 6 7 |  7.0
Shields        | 5 6 7 |  7.0
Dodging        | 3 |  3.6
Invocations    | 3 7 |  7.1

Action                     |  1- 3 |  4- 6 |  7- 9 | 10-12 || total
---------------------------+-------+-------+-------+-------++-------
  Melee: War axe           |    83 |   153 |   281 |   209 ||   726
         Unarmed           |       |       |    20 |       ||    20
 Invoke: Upheaval          |       |       |       |     1 ||     1
    Use: Scroll            |     5 |     5 |     6 |     1 ||    17
         Potion            |       |       |     2 |     3 ||     5
   Stab: Confused          |       |       |     1 |       ||     1
         Paralysed         |       |       |       |     1 ||     1
 Armour: Scale mail        |    41 |       |       |       ||    41
         Chain mail        |     5 |     9 |       |       ||    14
         Plate armour      |       |   102 |   173 |   168 ||   443
         Skin              |       |       |     1 |       ||     1
  Dodge: Dodged            |    30 |    38 |   102 |    59 ||   229
  Block: Buckler           |    18 |    39 |   101 |   102 ||   260
